 Dungeon Crawl Stone Soup version 0.30-b1-5-g8e6c1be481 (webtiles) character file.

Game seed: 14958078700384546138

26106 KittyFluff the Bludgeoner (level 13, -5/79 HPs)
             Began as a Gargoyle Berserker on May 3, 2023.
             Was a High Priest of Trog.
             Slain by a death yak (14 damage)
             ... on level 3 of the Lair of Beasts on May 4, 2023.
             The game lasted 01:44:52 (15083 turns).

KittyFluff the Bludgeoner (Gargoyle Berserker)     Turns: 15083, Time: 01:44:53

Health: -5/79      AC: 34    Str: 22    XL:     13   Next: 23%
Magic:  13/13      EV: 13    Int:  8    God:    Trog [*****.]
Gold:   999        SH:  5    Dex: 13    Spells: 12/12 levels left

rFire   . . .        W - +4 morningstar (protect)
rCold   . . .        (no shield)
rNeg    + . .        y - +3 ring mail {Will+}
rPois   ∞            q - +0 helmet
rElec   +            X - +0 cloak
rCorr   .            Z - +0 pair of gloves
SInv    .            i - +2 pair of boots {Fly}
Will    ++++.        m - amulet of reflection
Stlth   +            S - ring of willpower
HPRegen 1.33/turn    (no ring)
MPRegen 0.13/turn

%: reflection
@: strong-willed, under a protective aura, flying, regenerating
A: sickness immunity, AC +9, negative energy resistance 1, electricity
resistance, torment resistance 1, petrification resistance
a: Renounce Religion, Berserk, Trog's Hand, Brothers in Arms


You were on level 3 of the Lair of Beasts.
You worshipped Trog.
Trog was extremely pleased with you.
You visited 2 branches of the dungeon, and saw 13 of its levels.
You also visited: Ossuary and Bailey.

You collected 999 gold pieces.

Inventory:

Hand Weapons
 a - a +3 dire flail of draining
 h - the +2 dire flail "Anted" {flame, Str+2}
   (Trog gifted it to you on level 9 of the Dungeon)

   Str:       It affects your strength (+2).
 J - a +0 arbalest
 Q - a +9 great mace
 T - a +1 shortbow of draining
 V - a +4 flail of freezing
 W - a +4 morningstar of protection (weapon)
Missiles
 g - 66 poisoned darts (quivered)
 z - 7 throwing nets
 A - 23 boomerangs
 B - 2 silver boomerangs
 I - 6 javelins
 K - 7 curare-tipped darts
Armour
 b - a +2 scale mail of cold resistance
 i - a +2 pair of boots of flying (worn)
 p - a +0 leather armour of positive energy
 q - a +0 helmet (worn)
 y - a +3 ring mail of willpower (worn)
 E - the +6 chain mail "Coliuv" {+Blink rElec Str-4 Stlth+}
   (You found it on level 1 of the Lair of Beasts)

   Str:       It affects your strength (-4).
   rElec:     It insulates you from electricity.
   +Blink:    It lets you blink.
   Stlth:     It makes you more stealthy.
 X - a +0 cloak (worn)
 Z - a +0 pair of gloves (worn)
Jewellery
 m - an amulet of reflection (around neck)
 n - a ring of fire
 S - a ring of willpower (left hand)
Wands
 u - a wand of charming (9)
 x - a wand of flame (24)
 P - a wand of acid (6)
 R - a wand of roots (8)
Scrolls
 d - 4 scrolls of immolation
 f - a scroll of fear
 k - 4 scrolls of brand weapon
 o - 4 scrolls of teleportation
 r - a scroll of fog
 w - 2 scrolls of magic mapping
 L - 4 scrolls of blinking
 N - a scroll of enchant weapon
 U - 2 scrolls of butterflies
 Y - a scroll of enchant armour
Potions
 c - 4 potions of might
 e - 6 potions of brilliance {unknown}
 j - 4 potions of mutation {unknown}
 l - 2 potions of heal wounds
 s - 2 potions of cancellation {unknown}
 t - 5 potions of degeneration {unknown}
 v - 2 potions of attraction {unknown}
 C - 3 potions of lignification {unknown}
 D - 6 potions of curing
 F - a potion of berserk rage {unknown}
 H - a potion of haste
 M - a potion of magic {unknown}
 O - a potion of ambrosia {unknown}


   Skills:
 + Level 8.6 Fighting
 + Level 17.9 Maces & Flails
 + Level 1.2 Throwing
 * Level 9.2 Armour
 + Level 5.5 Dodging
 + Level 1.7 Stealth


You had 12 spell levels left.
You didn't know any spells.
Your spell library was empty.

Dungeon Overview and Level Annotations

Branches:
Dungeon (10/15)            Temple (0/1) D:4            Lair (3/5) D:9
 Shoals (0/4) Lair:2       Spider (0/4) Lair:2      Ossuary (visited)
 Bailey (visited)
    Orc: D:9-12

Altars:
Hepliaklqana
Wu Jian

Portals:
Trove: D:10 (give 4 potions of resistance)

Annotations:
D:8 Erica


Innate Abilities, Weirdness & Mutations

You are immune to sickness and miasma.
Your stone body is resilient. (AC +9)
You are immune to poison.
You resist negative energy. (rN+)
You are resistant to electric shocks. (rElec)
You are resistant to unholy torment.
You are immune to petrification.


Message History

The death yak gores you but does no damage.
You impale the death yak!!
The death yak is almost dead.
You sock the death yak!
You kill the death yak!
Trog accepts your kill.
You hit the death yak but do no damage.
The death yak gores you but does no damage.
You sock the death yak!
The death yak is lightly wounded.
You bludgeon the death yak!!
The death yak is heavily wounded.
The death yak gores you!
* * * LOW HITPOINT WARNING * * *
You hit the death yak but do no damage.
The death yak is heavily wounded.
The death yak closely misses you.
You sock the death yak!
The death yak is heavily wounded.
You bludgeon the death yak!!
The death yak is severely wounded.
The death yak gores you but does no damage.
You feel better. The death yak closely misses you.
You hit the death yak.
The death yak is severely wounded.
You block the death yak's attack.
You sock the death yak!
The death yak is almost dead.
The death yak gores you but does no damage.
You sock the death yak!
You kill the death yak!
Trog accepts your kill.
You hit the death yak but do no damage. The death yak gores you!!
* * * LOW HITPOINT WARNING * * *
You feel better. The death yak gores you!
* * * LOW HITPOINT WARNING * * *
Your skin crawls.
You feel strong-willed. The death yak gores you!
You die...

....#. ##....###
..?Y.Y# ##.......#
#.....###........#
#.....#.......<.##
#...........##.#
###.........##.#
##......#.####
##Y....#####
#@##..†.# ####
###.#...# #..#
###...## ###..#
#....####....#
#..††.........
###..)........
#P.†.........
#............ #
##...........


You could see a death yak.

Vanquished Creatures
  Harold (D:9)
  4 death yaks (Lair:3)
  Sonja (Lair:3)
  A skyshark (Lair:2)
  An orange crystal statue (D:10)
  An orc knight (Bailey)
  4 elephants (Lair:1)
  Maurice (D:8)
  2 black mambas
  A merfolk siren (Lair:2)
  3 cane toads
  Psyche (D:8)
  2 rime drakes
  4 komodo dragons
  A troll (D:10)
  7 dream sheep
  7 blink frogs
  A culicivora (Lair:2)
  A steam dragon (D:6)
  2 wyverns
  33 yaks
  A basilisk (Lair:1)
  5 vampire mosquitoes (Lair:3)
  Menkaure (D:5)
  5 water moccasins
  4 black bears
  Duvessa (D:7)
  A sky beast (D:7)
  8 orc warriors
  A swamp drake (Lair:3)
  A centaur (D:9)
  4 kobold brigands
  13 bullfrogs
  A scorpion (D:4)
  4 water moccasin zombies (Ossuary)
  Dowan (D:7)
  19 wights
  24 killer bees
  2 howler monkeys (D:10)
  3 lava snakes (D:10)
  2 hounds (D:6)
  4 jellies
  4 orc priests
  2 gnoll boudas
  3 iguanas
  2 sleepcaps
  Ijyb (D:4)
  Terence (D:3)
  11 orc wizards
  2 mummies (Ossuary)
  10 adders
  24 gnolls
  A shadow imp (D:6)
  2 white imps
  An ufetubus (D:5)
  5 adder zombies (Ossuary)
  A worm (D:2)
  A dart slug (D:1)
  40 orcs
  8 ball pythons
  9 bats
  4 endoplasms
  6 giant cockroaches
  14 goblins
  13 hobgoblins
  2 jackals (D:3)
  3 quokkas
  A frilled lizard (D:1)
  4 gnoll zombies (Ossuary)
  A goblin zombie (D:5)
  7 hobgoblin zombies
  52 kobolds
  6 kobold zombies
  9 orc zombies
  3 rats
  A rat zombie (D:5)
438 creatures vanquished.

Vanquished Creatures (others)
  2 orc wizards
  3 fungi (Lair:3)
  10 plants
15 creatures vanquished.

Grand Total: 453 creatures vanquished

Notes
Turn   | Place    | Note
-------+----------+-------------------------------------------
     0 | D:1      | KittyFluff the Gargoyle Berserker began the quest for the
                  | Orb.
     0 | D:1      | Reached XP level 1. HP: 14/14 MP: 1/1
    99 | D:1      | Reached XP level 2. HP: 6/19 MP: 2/2
   835 | D:1      | Reached XP level 3. HP: 23/24 MP: 3/3
   985 | D:2      | Reached ** piety under Trog
  1068 | D:2      | Reached skill level 4 in Maces & Flails
  1103 | D:2      | Reached XP level 4. HP: 28/29 MP: 4/4
  1626 | D:3      | Reached XP level 5. HP: 32/33 MP: 5/5
  1783 | D:3      | Noticed Terence
  1806 | D:3      | Killed Terence
  2081 | D:3      | Reached *** piety under Trog
  2245 | D:4      | Reached XP level 6. HP: 23/38 MP: 6/6
  2376 | D:4      | Noticed Ijyb
  2418 | D:4      | Killed Ijyb
  2419 | D:4      | Reached skill level 5 in Maces & Flails
  2742 | D:4      | Reached skill level 1 in Stealth
  3107 | D:4      | Found a staircase to the Ecumenical Temple.
  3488 | D:5      | Entered Level 5 of the Dungeon
  3582 | D:5      | Found a sand-covered staircase.
  3599 | Ossuary  | Entered an ossuary
  3671 | Ossuary  | Reached XP level 7. HP: 43/44 MP: 7/7
  3807 | Ossuary  | Reached **** piety under Trog
  3854 | Ossuary  | Reached skill level 6 in Maces & Flails
  4285 | D:5      | Reached skill level 5 in Armour
  4477 | D:5      | Reached XP level 8. HP: 44/48 MP: 8/8
  4622 | D:5      | Noticed Menkaure
  4659 | D:5      | Killed Menkaure
  4660 | D:5      | Reached skill level 5 in Fighting
  4660 | D:5      | Reached skill level 7 in Maces & Flails
  5472 | D:6      | Reached ***** piety under Trog
  5928 | D:6      | Reached skill level 8 in Maces & Flails
  6198 | D:7      | Reached XP level 9. HP: 43/55 MP: 9/9
  6367 | D:7      | Noticed Duvessa
  6367 | D:7      | Noticed Dowan
  6379 | D:7      | Killed Duvessa
  6499 | D:7      | Killed Dowan
  6503 | D:7      | Received a gift from Trog
  7265 | D:8      | Noticed Erica
  7275 | D:8      | Reached skill level 9 in Maces & Flails
  7562 | D:8      | Reached XP level 10. HP: 20/63 MP: 10/10
  7722 | D:8      | Noticed Psyche
  7724 | D:8      | Killed Psyche
  7725 | D:8      | Reached skill level 10 in Maces & Flails
  8028 | D:8      | Noticed Maurice
  8053 | D:8      | Killed Maurice
  8212 | D:8      | Reached skill level 11 in Maces & Flails
  8440 | D:9      | Identified the +2 dire flail "Anted" {flame, Str+2} (Trog
                  | gifted it to you on level 9 of the Dungeon)
  8440 | D:9      | Received a gift from Trog
  8480 | D:9      | Noticed Harold
  8500 | D:9      | Killed Harold
  8631 | D:9      | Reached skill level 12 in Maces & Flails
  8681 | D:9      | Found a flagged portal.
  8717 | Bailey   | Entered a bailey
  8841 | Bailey   | Noticed an orc knight
  9402 | Bailey   | Killed an orc knight
  9403 | Bailey   | Reached skill level 13 in Maces & Flails
  9403 | Bailey   | Reached XP level 11. HP: 62/67 MP: 11/11
 10037 | D:9      | Found a staircase to the Lair.
 10132 | D:10     | Entered Level 10 of the Dungeon
 10300 | D:10     | Noticed an orange crystal statue
 10462 | D:10     | Reached skill level 14 in Maces & Flails
 10629 | D:10     | Found a hazy altar of Hepliaklqana.
 10938 | D:10     | Found a portal to a secret trove of treasure.
 11799 | D:10     | Killed an orange crystal statue
 12054 | Lair:1   | Entered Level 1 of the Lair of Beasts
 12198 | Lair:1   | Reached skill level 15 in Maces & Flails
 12204 | Lair:1   | Received a gift from Trog
 12237 | Lair:1   | HP: 1/67 [yak (6)]
 12593 | Lair:1   | Reached skill level 16 in Maces & Flails
 12593 | Lair:1   | Reached XP level 12. HP: 72/72 MP: 12/12
 12822 | Lair:1   | Identified the +6 chain mail "Coliuv" {+Blink rElec Str-4
                  | Stlth+}
 13318 | Lair:2   | Noticed a skyshark
 13334 | Lair:2   | Killed a skyshark
 13485 | Lair:2   | Found a hole to the Spider Nest.
 13606 | Lair:2   | Reached skill level 17 in Maces & Flails
 13998 | Lair:2   | Found a staircase to the Shoals.
 14358 | Lair:3   | Found an ornate altar of the Wu Jian Council.
 14480 | Lair:3   | Noticed Sonja
 14502 | Lair:3   | Killed Sonja
 14884 | Lair:3   | Reached skill level 5 in Dodging
 14884 | Lair:3   | Reached XP level 13. HP: 78/78 MP: 13/13
 14893 | Lair:3   | Reached skill level 1 in Throwing
 14924 | Lair:3   | Received a gift from Trog
 15083 | Lair:3   | Slain by a death yak

Illustrated notes

Levels and vault maps discovered:
D:1:      dpeg_arrival_fog, layout_loops_corners, grunt_decor_fettered
D:2:      layout_basic, chequers_mini_garden, minmay_nonomino_d4
D:3:      minmay_inner_zag, layout_basic, uniq_terence
D:4:      layout_basic, minmay_temple_entry_antechambers, uniq_ijyb
D:5:      layout_rooms, enter_ossuary_4, uniq_menkaure
D:6:      corexii_shantytown, layout_cave_pods, minmay_mini_ossuary
D:7:      layout_basic, uniq_duvessa
D:8:      layout_rooms, uniq_erica, uniq_psyche, uniq_maurice
D:9:      layout_basic, lair_entry_dummy, enter_bailey_3,
          minmay_misc_feat_more_columns, uniq_harold
D:10:     layout_roguey, mainiacjoe_overflow_tiny_flanked, enter_trove_6,
          disabler_island
Lair:1:   layout_roguey, serial_bayou_lagoon_a, grunt_megastairs_5
Lair:2:   layout_cave_shapes, minmay_shoals_entry_lonely_mermaid,
          spider_nest_entry_rubble, beast_lair_carwin_6,
          infiniplex_staircase_pool
Lair:3:   layout_hall_layers, basic_altar, pond, grunt_megastairs_2, uniq_sonja,
          uniq_gastronok

Skill      XL: |  1  2  3  4  5  6  7  8  9 10 11 12 13 |
---------------+----------------------------------------+-----
Maces & Flails | 4 5 6 8 9 13 16 17 | 17.9
Dodging        | 2 3 4 5 |  5.5
Armour         | 3 4 5 6 7 8 9 |  9.2
Fighting       | 4 5 7 8 |  8.6
Stealth        | 1 |  1.7
Throwing       | 1 |  1.2

Action                     |  1- 3 |  4- 6 |  7- 9 | 10-12 | 13-15 || total
---------------------------+-------+-------+-------+-------+-------++-------
  Melee: Mace              |    85 |   253 |   547 |   322 |       ||  1207
         Punch             |     1 |     2 |     8 |     5 |     1 ||    17
         Dire flail        |       |       |       |   429 |       ||   429
         Morningstar       |       |       |       |   132 |    94 ||   226
   Fire: Shortbow          |       |       |       |    87 |       ||    87
  Throw: Boomerang         |       |       |     3 |     3 |       ||     6
         Dart              |       |       |       |    10 |       ||    10
 Invoke: Berserk           |       |     1 |       |     2 |       ||     3
         Trog's Hand       |       |       |       |     1 |     1 ||     2
  Evoke: Wand              |       |       |     1 |       |       ||     1
    Use: Scroll            |     4 |     1 |     5 |    10 |       ||    20
         Potion            |       |       |     2 |     3 |     5 ||    10
   Stab: Sleeping          |       |     1 |       |       |       ||     1
 Armour: Animal skin       |    32 |    76 |       |       |       ||   108
         Ring mail         |       |    45 |   299 |   463 |    36 ||   843
  Dodge: Dodged            |    62 |   164 |   397 |   465 |    37 ||  1125
  Block: Other             |       |       |       |     1 |     9 ||    10
